 Dungeon Sprint DCSS version 0.21.1-1-g345015f (webtiles) character file.

3400000 vatarom the Axe Maniac (level 21, -48/204 HPs)
             Began as a Demonspawn Warper on Apr 28, 2018.
             Was the Champion of Makhleb.
             Annihilated by a destroyer
             ... wielding a +9 great sword of slicing
              (153 damage)
             ... in the Dungeon (Sprint VIII: "Arena of Blood").
             The game lasted 00:01:01 (34 turns).

vatarom the Axe Maniac (Demonspawn Warper)            Turns: 34, Time: 00:01:01

Health: -48/204    AC:  6    Str: 17    XL:     21   Next: 62%
Magic:  0/52       EV: 32    Int: 16    God:    Makhleb [******]
Gold:   0          SH:  0    Dex: 16    Spells: 74/74 levels left

rFire    + . .     SeeInvis .   l - +∞ Axe of Woe
rCold    . . .     Gourm    .   (shield currently unavailable)
rNeg     . . .     Faith    .   b - +0 leather armour
rPois    .         Spirit   +   (no helmet)
rElec    .         Reflect  .   (no cloak)
rCorr    .         Harm     .   (no gloves)
MR       +....     NoTele   +   (boots unavailable)
Stlth    +++++++...             (no amulet)
HPRegen  0.44/turn              (no ring)
MPRegen  0.66/turn              (no ring)

@: no status effects
A: hooves 3, fire resistance 1, magic shield, magic regeneration, rot immunity,
flame cloud immunity, sturdy frame 3
a: Minor Destruction, Lesser Servant of Makhleb, Major Destruction, Greater
Servant of Makhleb, Renounce Religion


You were in the Dungeon.
You worshipped Makhleb.
Makhleb was exalted by your worship.
You were not hungry.

You visited 1 branch

Inventory:

Hand Weapons
 a - a +0 hand axe
 l - the +∞ Axe of Woe (weapon)
   (You found it in the Dungeon)
Missiles
 e - 5 tomahawks of dispersal (quivered)
Armour
 b - a +0 leather armour (worn)
Scrolls
 d - 2 scrolls of blinking
Potions
 g - a potion of curing
 h - a potion of heal wounds
 i - a potion of haste
 j - 2 potions of magic
 k - a potion of berserk rage
Books
 c - a book of Spatial Translocations

   Spells                             Type                      Level
   a - Blink                          Translocation                2
   b - Shroud of Golubria             Charms/Translocation         2
   c - Lesser Beckoning               Translocation                3
   d - Gell's Gravitas                Translocation                3
   e - Teleport Other                 Translocation                3
   f - Passage of Golubria            Translocation                4
Comestibles
 f - a ration


   Skills:
 O Level 27 Fighting
 O Level 27 Axes
 O Level 27 Throwing
 O Level 27 Armour
 O Level 27 Dodging
 + Level 20.6 Stealth
 + Level 19.0 Unarmed Combat
 O Level 27 Spellcasting
   Level 2.6 Translocations
 + Level 25.0 Invocations


You had 74 spell levels left.
You didn't know any spells.

Dungeon Overview and Level Annotations

Branches:
Dungeon (1/1)

Altars:
Makhleb


Innate Abilities, Weirdness & Mutations

You have hooves in place of feet.
Your flesh is heat resistant. (rF+)
When hurt, damage is shared between your health and your magic reserves.
You regenerate magic rapidly.
You are immune to rotting.
You are immune to clouds of flame.
Your movements are significantly less encumbered by armour. (ER -6)


Message History

You dissect the bag of meat like a pig carcass.
You kill the bag of meat!
Makhleb accepts your kill.
You feel better.
Your Unarmed Combat skill increases to level 19!
Your Invocations skill increases to level 25!
You hear a shout! x9
The destroyer blinks!
A bag of meat comes into view. It is wielding a +9 war axe.
You hear a shout! x8
The eight-headed meat hydra calls on the powers of darkness!
The eight-headed meat hydra convulses!
The bag of meat convulses! x3
The bag of meat shouts!
Your body is wracked with pain!
The bag of meat convulses!
The bag of meat shouts!
The bag of meat convulses!
The destroyer is engulfed in blazing flames.
The destroyer hits you with a +9 great sword of slicing!!!!!
Ouch! That really hurt!
You die...

#. ...# #%. .%.#
. .###%o
...###..
....oo###%.....
.....D_.....
#...§.# . .
#_.§§§# ...
....#..§§V#..z..
......z§@o.V....
......###)......
.###.. ...###..
#.. .o.# . #.
...# .. .....
...% ....


You could see an eight-headed meat hydra, 2 destroyers, 2 sculptors of flesh and
5 bags of meat.

Vanquished Creatures
  9 ogres (D)
  A two-headed ogre (D)
  16 orcs (D)
26 creatures vanquished.

Notes
Turn   | Place    | Note
-------+----------+-------------------------------------------
     0 | D        | Found the +∞ Axe of Woe
     0 | D        | vatarom the Demonspawn Warper began the quest for the Orb.
     0 | D        | Reached XP level 1. HP: 16/16 MP: 3/3
     3 | D        | Noticed a bag of meat
     4 | D        | Noticed a bag of meat
     5 | D        | Noticed a bag of meat
     5 | D        | Noticed a meat berserker
     6 | D        | Noticed a bag of meat
     6 | D        | Became a worshipper of Makhleb the Destroyer
     7 | D        | Noticed a bag of meat
     7 | D        | Noticed a bag of meat
     8 | D        | Noticed a bag of meat
     8 | D        | Noticed a bag of meat
     8 | D        | Killed a bag of meat
     8 | D        | Gained mutation: You are immune to rotting. [demonic ancestry]
     8 | D        | Reached XP level 2. HP: 40/40 MP: 3/17
     8 | D        | Reached XP level 3. HP: 46/46 MP: 3/19
     8 | D        | Gained mutation: Your movements are slightly less encumbered by armour. (ER -2) [demonic ancestry]
     8 | D        | Reached XP level 4. HP: 53/53 MP: 3/20
     8 | D        | Gained mutation: Your movements are less encumbered by armour. (ER -4) [demonic ancestry]
     8 | D        | Reached XP level 5. HP: 59/59 MP: 3/22
     8 | D        | Reached XP level 6. HP: 66/66 MP: 3/23
     8 | D        | Gained mutation: When hurt, damage is shared between your health and your magic reserves. [demonic ancestry]
     8 | D        | Reached XP level 7. HP: 72/72 MP: 3/25
     8 | D        | Gained mutation: You have large cloven feet. [demonic ancestry]
     8 | D        | Reached XP level 8. HP: 79/79 MP: 3/26
     8 | D        | Reached XP level 9. HP: 85/85 MP: 3/27
     8 | D        | Gained mutation: Your movements are significantly less encumbered by armour. (ER -6) [demonic ancestry]
     8 | D        | Reached XP level 10. HP: 92/92 MP: 3/28
     8 | D        | Gained mutation: You have hoof-like feet. [demonic ancestry]
     8 | D        | Reached XP level 11. HP: 98/98 MP: 3/29
     9 | D        | Noticed a meat berserker
     9 | D        | Noticed a meat berserker
     9 | D        | Killed a meat berserker
     9 | D        | Reached * piety under Makhleb
     9 | D        | Reached skill level 15 in Dodging
     9 | D        | Reached XP level 12. HP: 114/114 MP: 3/33
     9 | D        | Reached XP level 13. HP: 120/120 MP: 3/34
    10 | D        | Killed a meat berserker
    10 | D        | Gained mutation: You regenerate magic rapidly. [demonic ancestry]
    10 | D        | Reached XP level 14. HP: 93/133 MP: 3/38
    10 | D        | Killed a bag of meat
    10 | D        | Gained mutation: You have hooves in place of feet. [demonic ancestry]
    10 | D        | Reached XP level 15. HP: 98/141 MP: 3/39
    11 | D        | Reached ** piety under Makhleb
    12 | D        | Killed a meat berserker
    12 | D        | Reached XP level 16. HP: 154/154 MP: 4/42
    13 | D        | Noticed a meat berserker
    13 | D        | Reached *** piety under Makhleb
    15 | D        | Noticed a meat berserker
    15 | D        | Reached XP level 17. HP: 124/166 MP: 5/45
    15 | D        | Reached skill level 10 in Throwing
    15 | D        | Reached skill level 10 in Armour
    15 | D        | Reached **** piety under Makhleb
    16 | D        | Noticed a meat berserker
    17 | D        | Killed a meat berserker
    17 | D        | Gained mutation: Your flesh is heat resistant. (rF+) [demonic ancestry]
    17 | D        | Reached XP level 18. HP: 181/181 MP: 6/48
    18 | D        | Killed a meat berserker
    18 | D        | Reached skill level 27 in Fighting
    18 | D        | Reached skill level 27 in Axes
    18 | D        | Reached skill level 27 in Spellcasting
    19 | D        | Reached skill level 27 in Dodging
    22 | D        | Killed a meat berserker
    22 | D        | Reached ***** piety under Makhleb
    22 | D        | Reached XP level 19. HP: 189/189 MP: 9/50
    23 | D        | Noticed a meat berserker
    26 | D        | Noticed a meat berserker
    26 | D        | Noticed a meat berserker
    26 | D        | Gained mutation: You are immune to clouds of flame. [demonic ancestry]
    26 | D        | Reached XP level 20. HP: 197/197 MP: 8/51
    28 | D        | Noticed a large bag of meat
    29 | D        | Killed a meat berserker
    29 | D        | Killed a large bag of meat
    29 | D        | Reached ****** piety under Makhleb
    29 | D        | Reached skill level 27 in Throwing
    29 | D        | Reached skill level 27 in Armour
    31 | D        | Noticed a destroyer
    31 | D        | Noticed a destroyer
    31 | D        | Killed a meat berserker
    31 | D        | Reached skill level 15 in Unarmed Combat
    31 | D        | Reached XP level 21. HP: 172/204 MP: 5/52
    34 | D        | Annihilated by a destroyer

Skill      XL: |  1  2  3  4  5  6  7  8  9 10 11 12 13 14 15 16 17 18 19 20 21 |
---------------+----------------------------------------------------------------+-----
Fighting       | 13 17 19 22 24 26 27 | 27.0
Axes           | 13 16 18 19 21 23 26 27 | 27.0
Throwing       | 4 6 7 8 9 10 18 24 27 | 27.0
Armour         | 4 6 7 8 9 10 17 24 27 | 27.0
Dodging        | 12 15 17 18 20 21 23 27 | 27.0
Spellcasting   | 14 17 20 22 24 26 27 | 27.0
Stealth        | 16 20 | 20.6
Unarmed Combat | 15 19 | 19.0
Invocations    | 20 25 | 25.0
Translocations | |  2.6

Action                   |  1- 3 |  4- 6 |  7- 9 | 10-12 | 13-15 | 16-18 | 19-21 || total
-------------------------+-------+-------+-------+-------+-------+-------+-------++-------
Melee: Executioner's axe |     1 |       |       |     1 |     3 |     6 |     5 ||    16
